 Dungeon Crawl Stone Soup version 0.20.1-1-g8b1a95d (webtiles) character file.

4103 Firecrotchwizard the Cleaver (level 10, -6/91 HPs)
             Began as a Hill Orc Monk on Oct 29, 2017.
             Was a Believer of Beogh.
             Killed from afar by an electric eel (11 damage)
             ... with a bolt of electricity
             ... on level 8 of the Dungeon.
             The game lasted 00:22:09 (8855 turns).

Firecrotchwizard the Cleaver (Hill Orc Monk)        Turns: 8855, Time: 00:22:09

Health: -6/91      AC: 19    Str: 15    XL:     10   Next: 26%
Magic:  15/15      EV:  6    Int: 10    God:    Beogh [**....]
Gold:   209        SH:  0    Dex: 16    Spells: 9/9 levels left

rFire    . . .     SeeInvis .   a - +0 war axe
rCold    . . .     Gourm    .   (no shield)
rNeg     . . .     Faith    .   D - +0 plate armour
rPois    +         Spirit   .   (no helmet)
rElec    .         Reflect  .   (no cloak)
rCorr    .         Harm     .   P - +1 pair of gloves
MR       .....                  m - +0 pair of boots
Stlth    ..........             (no amulet)
Regen    0.3/turn               j - ring of poison resistance {rPois, !d}
MPRegen  0.2/turn               A - +3 ring of protection

@: no status effects
A: no striking features
a: Smiting, Renounce Religion


You were on level 8 of the Dungeon.
You worshipped Beogh.
Beogh was pleased with you.
You were very hungry.

You visited 1 branch of the dungeon, and saw 8 of its levels.

You collected 304 gold pieces.
You spent 95 gold pieces at shops.

Inventory:

Hand Weapons
 a - a +0 war axe (weapon)
   (You took it off an orc on level 3 of the Dungeon)
 b - a +0 hunting sling of freezing
   (You found it on level 5 of the Dungeon)
Missiles
 k - a throwing net {=f, !d}
 G - 51 sling bullets
Armour
 m - a +0 pair of boots (worn)
   (You found it on level 4 of the Dungeon)
 D - a +0 plate armour (worn)
   (You took it off an orc warrior on level 8 of the Dungeon)
 M - a +0 scale mail
   (You found it on level 6 of the Dungeon)
 P - a +1 pair of gloves (worn)
   (You found it on level 7 of the Dungeon)
Jewellery
 j - a ring of poison resistance (left hand) {rPois, !d}
   (You found it on level 1 of the Dungeon)
 A - a +3 ring of protection (right hand)
   (You found it on level 2 of the Dungeon)
 K - an uncursed ring of fire {rF+, rC-}
   (You found it on level 3 of the Dungeon)
 L - a +3 ring of strength
   (You found it on level 5 of the Dungeon)
Wands
 d - a wand of confusion (27/48)
   (You found it on level 4 of the Dungeon)
 u - a wand of lightning (5/15)
   (You found it on level 7 of the Dungeon)
 O - a wand of confusion (10/48)
   (You took it off a centaur on level 8 of the Dungeon)
Scrolls
 f - a scroll of identify
 g - 3 scrolls of teleportation
 i - a scroll of immolation {unknown}
 l - 2 scrolls of recharging {unknown}
 n - 2 scrolls of enchant weapon {unknown}
 p - a scroll of fear {unknown}
 q - a scroll of blinking {unknown}
 t - a scroll of random uselessness {unknown}
 y - 2 scrolls of enchant armour {unknown}
 B - a scroll of noise {unknown}
 C - 2 scrolls of remove curse
 F - 2 scrolls of amnesia {unknown}
 I - a scroll of magic mapping {unknown}
 N - a scroll of acquirement {unknown}
 R - a scroll of silence {unknown}
Potions
 e - a potion of magic {unknown}
 o - 2 potions of haste
 r - 6 potions of curing
 s - 3 potions of might
 w - 2 potions of heal wounds
 x - 3 potions of cancellation
 z - a potion of mutation {unknown}
 E - 2 potions of degeneration {unknown}
 H - a potion of brilliance {unknown}
 J - a potion of flight {unknown}
Books
 Q - a book of Minor Magic
   (You found it on level 7 of the Dungeon)
Comestibles
 c - 5 bread rations {@e1}
 h - 4 meat rations {@e2}
 v - 9 fruits


   Skills:
 + Level 9.1 Fighting
 * Level 12.7 Axes
 + Level 7.1 Armour
 - Level 2.4 Dodging
 - Level 1.5 Stealth
 + Level 6.7 Invocations


You had 9 spell levels left.
You didn't know any spells.

Dungeon Overview and Level Annotations

Branches:
Dungeon (8/15)             Temple (0/1) D:7
   Lair: D:8-11

Altars:
Fedhas
Okawaru
Trog
Uskayaw

Shops:
D:4 !!(?

Annotations:
D:5 1 runed door
D:8 Paddstamp's ghost, novice MfCK


Message History

Items here: $ )) / [ a broad axe; a plate armour; 17 gold pieces a wand of confusion (?/48) {zapped: 11}; an uncursed shortbow You slash the orc!
You kill the orc!
Beogh accepts your kill.
The orc wizard gestures wildly while chanting.
The orc wizard flickers and vanishes!
Deactivating autopickup; reactivate with Ctrl-A.
Things that are here:
a club; 4 arrows
Items here: $ )) / [ a broad axe; a plate armour; 17 gold pieces a wand of confusion (?/48) {zapped: 11}; an uncursed shortbow You completely miss something.
Something hits you but does no damage.
You miss something. You hit something. Something hits you.
You slash something! Something hits you but does no damage.
You closely miss something. Something hits you but does no damage.
You slash something! Beogh accepts your kill.
Reactivating autopickup.
You feel a bit more experienced.
You now have 192 gold pieces (gained 4).
Things that are here:
a dagger; a robe; an orc corpse It would be a sin to butcher this!
You now have 209 gold pieces (gained 17).
O - a wand of confusion (?/48) {zapped: 11}
Things that are here:
a broad axe; a plate armour; an uncursed shortbow
Things that are here:
a club; 4 arrows You start resting.
You are feeling very hungry.
You start resting.
A kobold comes into view. It is wielding a lajatang.
You slash the kobold!
You kill the kobold!
Beogh accepts your kill.
Things that are here:
a lajatang; a kobold corpse An electric eel comes into view.
You slash the electric eel!
The electric eel shoots out a bolt of lightning at you!
The bolt of electricity hits you! x2
The bolt of electricity hits the electric eel.
The electric eel completely resists.
You take 3 damage, and have 72/91 hp.
You hit the electric eel but do no damage.
You closely miss the electric eel.
The electric eel shoots out a bolt of lightning at you!
The bolt of electricity hits you! x2
The bolt of electricity hits the electric eel.
The electric eel completely resists.
You take 11 damage, and have 62/91 hp.
You miss the electric eel. You barely miss the electric eel.
The electric eel shoots out a bolt of lightning at you!
The bolt of electricity hits you! x2
The bolt of electricity misses the electric eel.
You take 4 damage, and have 58/91 hp.
You hit the electric eel but do no damage.
Your plate armour prevents you from hitting the electric eel.
The electric eel shoots out a bolt of lightning at you!
The bolt of electricity hits you! x2
The bolt of electricity hits the electric eel.
The electric eel completely resists.
You take 12 damage, and have 47/91 hp.
You hit the electric eel but do no damage.
The electric eel shoots out a bolt of lightning at you!
The bolt of electricity hits you! x2
The bolt of electricity hits the electric eel.
The electric eel completely resists.
You take 9 damage, and have 38/91 hp.
You completely miss the electric eel.
The electric eel shoots out a bolt of lightning at you!
The bolt of electricity misses you. The bolt of electricity hits you!
The bolt of electricity hits the electric eel.
The electric eel completely resists.
You take 6 damage, and have 32/91 hp.
You hit the electric eel.
The electric eel shoots out a bolt of lightning at you!
The bolt of electricity hits you!
* * * LOW HITPOINT WARNING * * *
The bolt of electricity hits you!
* * * LOW HITPOINT WARNING * * *
The bolt of electricity hits the electric eel.
The electric eel completely resists.
You take 10 damage, and have 22/91 hp.
The electric eel shoots out a bolt of lightning at you!
The bolt of electricity hits you!
* * * LOW HITPOINT WARNING * * *
You take 10 damage, and have 13/91 hp.
The electric eel shoots out a bolt of lightning at you!
The bolt of electricity hits you!
* * * LOW HITPOINT WARNING * * *
The electric eel shoots out a bolt of lightning at you!
The bolt of electricity hits you!
You die...

#.....## ... #...!..## ...
#...?...# ##... #...... ≈#.#
#. #.... ;(.#
#.##''##########;;≈#)#
#.##..##.........≈≈..#
#.##.###[###...#.#.######
#.#..##...#.@#.#.#.# ##.##
#.#.##(..()..#.....###.#.##
##
#.(.#........#.###.(......#
..
#.≈##....()).#.#.........###
#.
#..##....)(..#.#.#(#.......##
.#.
#.####..)<(..#.....#.......##
.#. #Y#
#)(..#..###)###.......#.
.#.##.# #)####..###.#
#<.......# ......####)##
..##..# #.W.....#.


You could see 2 electric eels.

Vanquished Creatures
  A hydra (D:8)
  A two-headed ogre (D:8)
  A water moccasin (D:7)
  A soldier ant (D:5)
  An ice beast (D:7)
  2 orc warriors (D:8)
  2 sky beasts
  A necrophage (D:7)
  3 ogres
  A phantom (D:4)
  3 centaurs
  A big kobold (D:8)
  2 bullfrogs
  2 scorpions
  4 howler monkeys
  A crimson imp (D:6)
  A bullfrog zombie (D:6)
  A centaur zombie (D:6)
  5 hounds
  A bullfrog skeleton (D:7)
  An orc priest (D:6)
  A jelly (D:7)
  3 orc wizards
  2 iguanas (D:5)
  12 worker ants
  A hound skeleton (D:4)
  A howler monkey skeleton (D:6)
  5 adders
  2 adder skeletons
  5 worms
  2 dart slugs
  6 leopard geckos
  13 orcs
  A ball python (D:5)
  8 giant cockroaches
  9 goblins
  6 hobgoblins
  9 jackals
  3 quokkas
  8 bats
  3 frilled lizards
  A jackal zombie (D:7)
  15 kobolds
  8 rats
160 creatures vanquished.

Notes
Turn   | Place    | Note
-------+----------+-------------------------------------------
     0 | D:1      | Firecrotchwizard the Hill Orc Monk began the quest for the Orb.
     0 | D:1      | Reached XP level 1. HP: 19/19 MP: 1/1
   478 | D:1      | Reached XP level 2. HP: 19/27 MP: 2/2
  1385 | D:2      | Reached skill level 1 in Armour
  1453 | D:2      | Reached skill level 4 in Fighting
  1480 | D:2      | Found a hide-covered altar of Uskayaw.
  1490 | D:2      | Reached XP level 3. HP: 30/33 MP: 3/3
  1705 | D:2      | Reached skill level 5 in Axes
  1867 | D:2      | Reached skill level 2 in Armour
  1890 | D:2      | Reached XP level 4. HP: 36/40 MP: 4/4
  3031 | D:3      | Found an iron altar of Okawaru.
  3239 | D:3      | Reached XP level 5. HP: 47/47 MP: 5/5
  3375 | D:4      | Found Xyuteleg's Magic Scroll Shop.
  3415 | D:4      | Found Umyuma Wifa's Distillery.
  3448 | D:4      | Bought a potion of heal wounds for 65 gold pieces
  3466 | D:4      | Reached skill level 6 in Axes
  3631 | D:4      | Reached skill level 5 in Fighting
  3722 | D:4      | Found Ecib's Weapon Emporium.
  3768 | D:4      | Found Hasuvuic's Distillery.
  3773 | D:4      | Bought a potion of curing for 30 gold pieces
  3779 | D:4      | Noticed a phantom
  3797 | D:4      | Killed a phantom
  3797 | D:4      | Reached skill level 3 in Armour
  3797 | D:4      | Reached XP level 6. HP: 31/56 MP: 6/6
  4055 | D:5      | Entered Level 5 of the Dungeon
  4152 | D:5      | Reached skill level 7 in Axes
  4298 | D:5      | Found a runed door.
  4311 | D:5      | Found a runed door.
  4322 | D:5      | Noticed a soldier ant
  4367 | D:5      | Killed a soldier ant
  4367 | D:5      | Reached XP level 7. HP: 32/62 MP: 7/7
  4386 | D:5      | Reached skill level 8 in Axes
  4437 | D:5      | Reached skill level 6 in Fighting
  4447 | D:5      | Reached skill level 4 in Armour
  4893 | D:5      | Became a worshipper of Beogh the Brigand
  4893 | D:5      | Reached * piety under Beogh
  4893 | D:5      | Reached ** piety under Beogh
  5157 | D:6      | Reached skill level 1 in Invocations
  5160 | D:6      | Reached XP level 8. HP: 55/71 MP: 8/8
  5298 | D:6      | Reached skill level 9 in Axes
  5365 | D:6      | Reached skill level 2 in Invocations
  6162 | D:7      | Reached skill level 7 in Fighting
  6162 | D:7      | Reached skill level 3 in Invocations
  6324 | D:7      | Reached skill level 10 in Axes
  6324 | D:7      | Reached skill level 5 in Armour
  6449 | D:7      | Reached skill level 4 in Invocations
  6494 | D:7      | Reached XP level 9. HP: 79/79 MP: 12/12
  6898 | D:7      | Found a blossoming altar of Fedhas.
  6934 | D:7      | Found a staircase to the Ecumenical Temple.
  7519 | D:8      | Noticed a six-headed hydra
  7543 | D:8      | HP: 10/81 [six-headed hydra (12)]
  7544 | D:8      | Killed a six-headed hydra
  7544 | D:8      | Reached skill level 8 in Fighting
  7544 | D:8      | Reached skill level 11 in Axes
  7544 | D:8      | Reached skill level 6 in Armour
  7544 | D:8      | Reached skill level 5 in Invocations
  7556 | D:8      | Noticed Paddstamp's ghost (novice MfCK)
  8266 | D:8      | Noticed a two-headed ogre
  8281 | D:8      | Killed a two-headed ogre
  8281 | D:8      | Reached skill level 9 in Fighting
  8281 | D:8      | Reached skill level 12 in Axes
  8281 | D:8      | Reached skill level 6 in Invocations
  8281 | D:8      | Reached XP level 10. HP: 61/91 MP: 10/14
  8288 | D:8      | Noticed a moth of wrath
  8292 | D:8      | Found a bloodstained altar of Trog.
  8764 | D:8      | Reached skill level 7 in Armour
  8852 | D:8      | HP: 22/91 [electric eel/bolt of electricity (2)]
  8855 | D:8      | HP: 5/91 [electric eel/bolt of electricity (8)]
  8855 | D:8      | Killed from afar by an electric eel

Skill      XL: |  1  2  3  4  5  6  7  8  9 10 |
---------------+-------------------------------+-----
Armour         | 1 2 3 4 5 6 7 |  7.1
Fighting       | 4 5 6 7 9 |  9.1
Axes           | 5 6 7 8 10 12 | 12.7
Invocations    | 1 4 6 |  6.7
Dodging        | |  2.4
Stealth        | |  1.5

Action                   |  1- 3 |  4- 6 |  7- 9 | 10-12 || total
-------------------------+-------+-------+-------+-------++-------
Melee: Hand axe          |   115 |    51 |       |       ||   166
       War axe           |       |   132 |   277 |    66 ||   475
 Fire: Hunting sling     |       |       |    17 |       ||    17
Throw: Tomahawk          |       |       |    35 |       ||    35
Invok: Convert to Beogh  |       |       |     1 |       ||     1
       Smiting           |       |       |     7 |     1 ||     8
Evoke: Wand              |       |       |     2 |       ||     2
  Use: Scroll            |       |       |     7 |       ||     7
       Potion            |       |       |     2 |       ||     2
 Stab: Sleeping          |     2 |     1 |       |       ||     3
       Distracted        |       |       |     1 |       ||     1
  Eat: Chunk             |     3 |     6 |     9 |       ||    18
       Royal jelly       |       |     1 |     1 |       ||     2
       Fruit             |       |       |     3 |       ||     3
Armor: Robe              |    10 |       |       |       ||    10
       Leather armour    |    12 |       |       |       ||    12
       Ring mail         |    12 |    76 |    45 |       ||   133
       Scale mail        |       |       |    90 |    22 ||   112
       Plate armour      |       |       |       |     7 ||     7
Dodge: Dodged            |    76 |   109 |   149 |    20 ||   354

Vault maps used:
D:1:      saegor_arrival_simple_e, nrook_mini_vaults
D:2:      overflow_temple_1_default
D:3:      mumra_celtic_spiral_tile, old_standard_altar
D:4:      first_bread, serial_shops, shop, shop, nicolae_shop_statue_plus,
          kennysheep_mini
D:5:      lemuel_insect_pit
D:7:      lemuel_coloured_pillars_altar, minmay_temple_entry_enclosed_plants
D:8:      tgw_trog, grunt_temple_overflow_open, the_bakery,
          kennysheep_opposing_triangles

Table legend:
 A = Turns spent in this place as a percentage of turns spent in the entire game.
 B = Non-inter-level travel turns spent in this place as a percentage of non-inter-level travel turns spent in the entire game.
 C = Inter-level travel turns spent in this place as a percentage of turns spent in this place.
 D = Turns resting spent in this place as a percentage of non-inter-level travel turns spent in this place.
 E = Turns spent auto-exploring this place as a percentage of non-inter-level travel turns spent in this place.
 F = Non-inter-level travel turns spent in this place divided by the number of levels of this place that you've seen.
                   A       B       C       D       E      F
               +-------+-------+-------+-------+-------+----------------------
         Total | 100.0 | 100.0 |   1.5 |   3.5 |  10.6 | 232.9
       Dungeon | 100.0 | 100.0 |   1.5 |   3.5 |  10.6 | 232.9
               +-------+-------+-------+-------+-------+----------------------

Table legend:
 A = Kills in this place as a percentage of kills in entire the game.
 B = Kills by you in this place as a percentage of kills by you in the entire game.
 C = Kills by friends in this place as a percentage of kills by friends in the entire game.
 D = Other kills in this place as a percentage of other kills in the entire game.
 E = Experience gained in this place as a percentage of experience gained in the entire game.
 F = Experience gained in this place divided by the number of levels of this place that you have seen.
                   A       B       C       D       E      F
               +-------+-------+-------+-------+-------+----------------------
         Total | 100.0 | 100.0 |  -nan |  -nan | 100.0 | 732.8
       Dungeon | 100.0 | 100.0 |  -nan |  -nan | 100.0 | 732.8
               +-------+-------+-------+-------+-------+----------------------
